 Dungeon Crawl Stone Soup version 0.29.1-2-gbd0b4ee654 (webtiles) character file.

Game seed: 15564116017886892384

103 GorkyZ the Trooper (level 4, 0/36 HPs)
             Began as a Demonspawn Fighter on Nov 20, 2022.
             Slain by an adder (3 damage)
             ... on level 4 of the Dungeon.
             The game lasted 00:07:32 (2995 turns).

GorkyZ the Trooper (Demonspawn Fighter)             Turns: 2995, Time: 00:07:33

Health: 0/36       AC:  8    Str: 18    XL:     4   Next: 51%
Magic:  4/4        EV:  9    Int: 10    God:
Gold:   155        SH:  4    Dex: 12    Spells: 3/3 levels left

rFire   + . .      SeeInvis .   a - +0 war axe
rCold   . . .      Faith    .   c - +0 buckler
rNeg    . . .      Spirit   .   b - +0 scale mail
rPois   .          Reflect  .   (no helmet)
rElec   .          Harm     .   (no cloak)
rCorr   .          Rampage  .   (no gloves)
Will    .....                   (no boots)
Stlth   ..........              (no amulet)
HPRegen 0.12/turn               f - ring of wizardry
MPRegen 0.09/turn               m - ring of protection from fire

@: no status effects
A: yellow scales 1, demonic magic 1, demonic touch 1
a: no special abilities


You were on level 4 of the Dungeon.
You visited 1 branch of the dungeon, and saw 4 of its levels.

You collected 155 gold pieces.

Inventory:

Hand Weapons
 a - a +0 war axe (weapon)
 j - a +0 spear
Missiles
 l - 5 javelins (quivered)
Armour
 b - a +0 scale mail (worn)
 c - a +0 buckler (worn)
Jewellery
 f - a ring of wizardry (left hand)
 m - a ring of protection from fire (right hand)
Scrolls
 k - 2 scrolls of immolation
 t - 3 scrolls of amnesia {unknown}
 u - a scroll of acquirement {unknown}
 v - a scroll of enchant armour {unknown}
 w - a scroll of poison {unknown}
Potions
 d - 2 potions of might
 i - 2 potions of flight {unknown}
 n - 2 potions of curing {unknown}
 o - a potion of mutation {unknown}
 p - a potion of heal wounds {unknown}
 q - a potion of invisibility {unknown}


   Skills:
 + Level 3.6 Fighting
 + Level 2.5 Axes
 + Level 0.9 Throwing
 + Level 3.3 Armour
 + Level 3.2 Shields


You had 3 spell levels left.
You didn't know any spells.
Your spell library contained the following spells:

 Spells                   Type           Power      Damage    Failure   Level
 Summon Guardian Golem    Hex/Summ       0%         N/A       86%         3
 Orb of Destruction       Conj           0%         9d5       100%        7
 Spellforged Servitor     Conj/Summ      0%         N/A       100%        7


Dungeon Overview and Level Annotations

Branches:
Dungeon (4/15)
 Temple: D:4-7

Altars:

Shops:
D:1 [   D:3 *


Innate Abilities, Weirdness & Mutations

You are partially covered in yellow scales. (AC +2)
Spells you cast may paralyse adjacent enemies.
Your touch may inflict minor irresistible damage on your foes.


Message History

The gnolls pick up the pace!
You barely miss the adder. You closely miss the adder.
You feel sick.
The adder bites you but does no damage. x2; The adder bites you.
* * * LOW HITPOINT WARNING * * *
The adder completely misses you.
You closely miss the adder. x2; You feel sick.
The adder completely misses you. The adder bites you but does no damage.
The adder misses you. The adder bites you but does no damage.
You slash the adder!
You kill the adder!
You miss the adder.
You feel sick.
You are no longer poisoned.
The adder bites you but does no damage. The adder bites you.
* * * LOW HITPOINT WARNING * * *
The adder barely misses you. You block the adder's attack.
The orc wizard gestures wildly while chanting.
The orc wizard flickers and vanishes!
Deactivating autopickup; reactivate with Ctrl-A.
The adder barely misses you.
Okay, then.
You feel your willpower return. The adder closely misses you.
The adder attacks as you move away! The adder bites you.
* * * LOW HITPOINT WARNING * * *
The adder bites you but does no damage. The adder closely misses you.
The adder attacks as you move away! The adder barely misses you.
The adder attacks as you move away! The adder bites you but does no damage.
Found 15 gold pieces.
The giant cockroach waves its antennae.
The adder misses you. The adder attacks as you move away!
The adder bites you but does no damage. You block the adder's attack.
The adder attacks as you move away! The adder bites you.
* * * LOW HITPOINT WARNING * * *
The adder attacks as you move away! The adder bites you but does no damage.
The adder attacks as you move away! The adder bites you.
You die...

#g####.#.#
gogB..B#.########
#g######...B....#
#.# ########.####
..# #.B..####
...# ##......#
#..# #.#.##.#
#..# #S#.# #..#
#@# $ #S.# #.# .#
gB.# #.# # g.#
#.. ### ... #
..## # ... #..#


You could see an adder and a giant cockroach.

Vanquished Creatures
  3 adders
  2 worms (D:3)
  A dart slug (D:1)
  An orc (D:3)
  6 endoplasms
  2 giant cockroaches
  9 goblins
  5 hobgoblins (D:1)
  10 jackals
  A quokka (D:1)
  7 ball pythons
  3 bats
  3 frilled lizards
  4 kobolds
  2 rats
59 creatures vanquished.

Vanquished Creatures (others)
  7 plants (D:1)
7 creatures vanquished.

Grand Total: 66 creatures vanquished

Notes
Turn   | Place    | Note
-------+----------+-------------------------------------------
     0 | D:1      | GorkyZ the Demonspawn Fighter began the quest for the Orb.
     0 | D:1      | Reached XP level 1. HP: 18/18 MP: 1/1
   293 | D:1      | Found Elajapyo's Armour Emporium.
   299 | D:1      | Gained mutation: Spells you cast may paralyse adjacent
                  | enemies. [demonic ancestry]
   299 | D:1      | Reached XP level 2. HP: 19/24 MP: 2/2
   844 | D:1      | Gained mutation: You are partially covered in yellow
                  | scales. (AC +2) [demonic ancestry]
   844 | D:1      | Reached XP level 3. HP: 25/29 MP: 3/3
  1222 | D:2      | Found a faded altar of an unknown god.
  1223 | D:2      | Noticed a shining eye
  1228 | D:2      | Noticed an eye of devastation
  1231 | D:2      | Noticed a floating eye
  1231 | D:2      | Noticed a golden eye
  2033 | D:3      | Found Luysubbi's General Store.
  2041 | D:3      | Gained mutation: Your touch may inflict minor irresistible
                  | damage on your foes. [demonic ancestry]
  2041 | D:3      | Reached XP level 4. HP: 35/35 MP: 4/4
  2995 | D:4      | Slain by an adder

Illustrated notes

Levels and vault maps discovered:
D:1:      amcnicky_arrival_flooded_fountain, layout_basic, serial_shops, shop,
          serial_bayou, serial_bayou_shore_b, serial_bayou_crossing,
          serial_bayou_shore_a, serial_bayou_ford_a
D:2:      layout_basic, hellmonk_ecumenical_altar_watching_god
D:3:      layout_basic, serial_shops, shop, saegor_snake_ambush
D:4:      layout_loops_cross, okawaru_metal_pillars_1_2, kennysheep_dice,
          uniq_robin

Skill      XL: |  1  2 |
---------------+-------+-----
Axes           | 2 |  2.5
Armour         | 3 |  3.3
Shields        | 3 |  3.2
Fighting       | |  3.6
Throwing       | |  0.9

Action                   |  1- 3 |  4- 6 || total
-------------------------+-------+-------++-------
Melee: War axe           |   147 |    57 ||   204
  Use: Scroll            |       |     7 ||     7
Armor: Scale mail        |    80 |    42 ||   122
Dodge: Dodged            |    60 |    38 ||    98
Block: Buckler           |    28 |    16 ||    44
